 Dungeon Crawl Stone Soup version 0.32-a0-643-ga006e7742e (webtiles) character file.

Game seed: 8930108679809976089

410972 ragingrage the Peltast (level 24, -8/172 HPs)
             Began as a Kobold Delver on Mar 7, 2024.
             Was the Champion of Okawaru.
             Mangled by a spriggan defender
             ... wielding a +7 quick blade of venom
              (15 damage)
             ... on level 2 of the Depths on Mar 8, 2024.
             The game lasted 01:06:09 (41476 turns).

ragingrage the Peltast (Kobold Delver)             Turns: 41476, Time: 01:06:09

Health: -8/172     AC: 13    Str: 11    XL:     24   Next: 41%
Magic:  31/31      EV: 38    Int: 19    God:    Okawaru [******]
Gold:   1657       SH: 11    Dex: 25    Spells: 20/23 levels left

rFire   + + +        a - +9 quick blade (spect)
rCold   + . .        X - +1 buckler {AC+3}
rNeg    . . .        S - melded +13 chain mail of the Swamp {Fly rF+++ Will-}
rPois   .            q - +1 helmet of Plog {Int+3 Slay+5}
rElec   +            T - +0 cloak "Zinwic" {Regen+ rCorr}
rCorr   +            L - +1 pair of gloves
SInv    .            t - +0 pair of boots of the Nightingale {rElec rF++ Regen+ Str-3}
Will    +++..        p - amulet of regeneration
Stlth   +++++++++    w - ring of Ujourchim {rC+ Will++ EV+5 Str+5}
HPRegen 2.88/turn    s - +4 ring of protection
MPRegen 0.22/turn

%: no passive effects
@: about to teleport, maw-form
A: devouring maw, small, no large weapons, nightstalker 3, camouflage 1, clever
1, fire resistance 1, robust 1
}: 2/15 runes: barnacled, gossamer
a: Begin Untransformation, Renounce Religion, Heroism, Finesse, Duel


You were on level 2 of the Depths.
You worshipped Okawaru.
Okawaru was exalted by your worship.
You were a creature with a mouth for a stomach.
You visited 8 branches of the dungeon, and saw 39 of its levels.
You also visited: Bailey, Gauntlet and Ice Cave.

You collected 6736 gold pieces.
You spent 5079 gold pieces at shops.

Inventory:

Hand Weapons
 a - a +9 spectral quick blade (weapon)
 V - the +11 rapier "Onireb" {antimagic, rN++ Str+8 Dex-2}
   (You took it off a deep elf pyromancer on level 1 of the Elven Halls)

   Str+8:     It affects your strength (+8).
   Dex-2:     It affects your dexterity (-2).
   rN++:      It greatly protects you from negative energy.
Missiles
 e - 10 throwing nets
 k - 75 boomerangs
 z - 23 curare-tipped darts
 K - 27 atropa-tipped darts
 O - 20 datura-tipped darts
Armour
 h - the +2 pair of boots of Ruogaolo {Regen+ Str+3}
   (You bought it in a shop on level 2 of the Elven Halls)

   Str+3:     It affects your strength (+3).
   Regen+:    It increases your rate of health regeneration.
 q - the +1 helmet of Plog (worn) {Int+3 Slay+5}
   (Okawaru gifted it to you on level 12 of the Dungeon)

   Int+3:     It affects your intelligence (+3).
   Slay+5:    It affects your accuracy & damage with ranged weapons and melee
   (+5).
 t - the +0 pair of boots of the Nightingale (worn) {rElec rF++ Regen+ Str-3}
   (You found it on level 3 of the Elven Halls)

   Str-3:     It affects your strength (-3).
   rF++:      It greatly protects you from fire.
   rElec:     It insulates you from electricity.
   Regen+:    It increases your rate of health regeneration.
 L - a +1 pair of gloves (worn)
 S - the +13 chain mail of the Swamp (melded) {Fly rF+++ Will-}
   (You found it on level 2 of the Shoals)

   rF+++:     It renders you almost immune to fire.
   Will-:     It decreases your willpower.
   Fly:       It grants you flight.
 T - the +0 cloak "Zinwic" (worn) {Regen+ rCorr}
   (You bought it in a shop on level 3 of the Dungeon)

   Regen+:    It increases your rate of health regeneration.
   rCorr:     It protects you from acid and corrosion.
 X - a +1 buckler of protection (worn)
Jewellery
 p - an amulet of regeneration (around neck)
 s - a +4 ring of protection (right hand)
 w - the ring of Ujourchim (left hand) {rC+ Will++ EV+5 Str+5}
   (You found it on level 2 of the Lair of Beasts)

   [ring of evasion]

   EV+5:      It affects your evasion (+5).
   Str+5:     It affects your strength (+5).
   rC+:       It protects you from cold.
   Will++:    It greatly increases your willpower.
 J - the ring of Jooboduh {*Slow Fly rElec rPois rN+}
   (You bought it in a shop on level 2 of the Shoals)

   [ring of flight]

   rElec:     It insulates you from electricity.
   rPois:     It protects you from poison.
   rN+:       It protects you from negative energy.
   Fly:       It grants you flight.
   *Slow:     It may slow you when you take damage.
 P - a ring of see invisible
Wands
 g - a wand of digging (14)
 u - a wand of paralysis (35)
 C - a wand of quicksilver (9)
 F - a wand of roots (40)
 Z - a wand of mindburst (24)
Scrolls
 b - 8 scrolls of poison
 c - 2 scrolls of fog
 d - 4 scrolls of revelation
 o - 16 scrolls of teleportation
 r - 8 scrolls of immolation
 x - 4 scrolls of noise
 A - 13 scrolls of blinking
 G - 4 scrolls of silence
 I - 5 scrolls of torment
 N - 5 scrolls of fear
 W - 6 scrolls of vulnerability
Potions
 f - 5 potions of haste
 i - 7 potions of brilliance
 l - 8 potions of mutation
 m - 6 potions of ambrosia
 n - 2 potions of magic
 v - 3 potions of attraction
 B - 4 potions of berserk rage
 D - 6 potions of enlightenment
 E - 8 potions of heal wounds
 H - 6 potions of cancellation
 M - 11 potions of curing
 Q - 3 potions of resistance
 R - 6 potions of invisibility
 U - 2 potions of might
Miscellaneous
 j - a condenser vane (inert)
 y - a lightning rod (4/4)
 Y - a phial of floods


   Skills:
 + Level 17.7 Fighting
 - Level 14.0 Short Blades
 - Level 12.0 Throwing
 - Level 0.1 Armour
 - Level 17.9 Dodging
 - Level 18.0 Stealth
 - Level 19.3 Shields
 - Level 7.0 Necromancy
 - Level 11.0 Invocations
 - Level 11.7 Evocations
 - Level 15.0 Shapeshifting


You had 20 spell levels left.
You knew the following spells:

 Your Spells              Type           Power      Damage    Failure   Level
a - Fugue of the Fallen   Necr           26%        N/A       3%          3

Your spell library contained the following spells:

 Spells                   Type           Power      Damage    Failure   Level
 Necrotise                Necr           100%       1d9       1%          1
 Sublimation of Blood     Necr           26%        N/A       1%          2
 Vampiric Draining        Necr           26%        2d7       3%          3
 Magic Dart               Conj           0%         1d3       22%         1
 Sandblast                Erth           0%         2d4       22%         1
 Slow                     Hex            0%         N/A       22%         1
 Ensorcelled Hibernation  Hex/Ice        0%         N/A       34%         2
 Mercury Vapours          Alch/Air       0%         N/A       34%         2
 Scorch                   Fire           0%         2d5       34%         2
 Searing Ray              Conj           0%         2d4       34%         2
 Curse of Agony           Necr           26%        N/A       34%         5
 Anguish                  Hex/Necr       6%         N/A       47%         4
 Confusing Touch          Hex            0%         N/A       56%         3
 Dazzling Flash           Conj/Hex       0%         N/A       56%         3
 Inner Flame              Hex/Fire       0%         N/A       56%         3
 Mephitic Cloud           Conj/Alch/Air  0%         N/A       56%         3
 Passwall                 Erth           0%         N/A       56%         3
 Sigil of Binding         Hex            0%         N/A       56%         3
 Stone Arrow              Conj/Erth      0%         3d7       56%         3
 Volatile Blastmotes      Fire/Tloc      0%         2d10      56%         3
 Brom's Barrelling Bould  Conj/Erth      0%         2d3       92%         4
 Cause Fear               Hex            0%         N/A       92%         4
 Dimensional Bullseye     Hex/Tloc       0%         N/A       92%         4
 Flame Wave               Conj/Fire      0%         2d4       92%         4
 Fulminant Prism          Conj/Alch      0%         3d5       92%         4
 Iskenderun's Mystic Bla  Conj/Tloc      0%         2d3       92%         4
 Passage of Golubria      Tloc           0%         N/A       92%         4
 Petrify                  Alch/Erth      0%         N/A       92%         4
 Sticky Flame             Fire/Alch      0%         2d4       92%         4
 Vhi's Electric Charge    Tloc/Air       0%         N/A       92%         4
 Arcjolt                  Conj/Air       0%         1d10      99%         5
 Fireball                 Conj/Fire      0%         3d3       99%         5
 Freezing Cloud           Conj/Ice/Air   0%         6-21      99%         5
 Irradiate                Conj/Alch      0%         3d11      99%         5
 Lee's Rapid Deconstruct  Erth           0%         3d4*      99%         5
 Silence                  Hex/Air        0%         N/A       99%         5
 Yara's Violent Unravell  Hex/Alch       0%         3d3       99%         5
 Eringya's Noxious Bog    Alch           0%         4d6       100%        6
 Maxwell's Capacitive Co  Air            0%         ∞         100%        8
 Martyr's Knell           Necr/Summ      Unusable   N/A       N/A         4
 Call Canine Familiar     Summ           Unusable   N/A       N/A         3
 Tukima's Dance           Hex            Unusable   N/A       N/A         3
 Animate Armour           Summ/Erth      Unusable   N/A       N/A         4
 Summon Lightning Spire   Summ/Air       Unusable   N/A       N/A         4
 Summon Forest            Summ/Tloc      Unusable   N/A       N/A         5
 Summon Cactus Giant      Summ           Unusable   N/A       N/A         6
 Summon Hydra             Summ           Unusable   N/A       N/A         7
 Dragon's Call            Summ           Unusable   N/A       N/A         9

Dungeon Overview and Level Annotations

Branches:
Dungeon (15/15)            Temple (0/1) D:5            Lair (5/5) D:11
 Shoals (4/4) Lair:2       Spider (4/4) Lair:3        Slime (0/5) Lair:5
    Orc (2/2) D:12            Elf (3/3) Orc:2        Vaults (4/5) D:13
  Crypt (0/3) Vaults:2     Depths (2/4) D:15         Bailey (visited)
  IceCv (visited)         Gauntlet (visited)

Altars:
Cheibriados
Dithmenos
Elyvilon
Gozag
Okawaru
Qazlal
Sif Muna
Vehumet
Xom
Yredelemnul
Zin
Beogh
Jiyva

Shops:
D:2 (   D:3 [   D:7 *   D:8 :   D:14 =   Orc:2 ==[?   Elf:2 *   Elf:3 *
Shoals:2 ([**:*:(=   Shoals:3 =   Vaults:4 (   Depths:2 [

Portals:
Hell: Depths:1 Depths:2
Pandemonium: Depths:1
Trove: D:13 (give 2 scrolls of acquirement)

Annotations:
D:6 3 runed translucent doors, Malificent's ghost, novice MDAr
D:7 1 exclusion
Lair:2 2 exclusions
Elf:2 3 runed translucent doors
Vaults:2 3 runed translucent doors, GNSpeed's ghost, adept MiBe
Depths:1 1 runed door
Depths:2 the Enchantress


Innate Abilities, Weirdness & Mutations

You are a creature with a mouth for a stomach.
Your midsection houses a second, enormous mouth.
You are small and have problems with some larger weapons.
You are completely attuned to the shadows.
Your skin changes colour to match your surroundings (Stealth+).
Your mind is acute. (Int +4, Str/Dex -1)
Your flesh is heat resistant. (rF+)
You are robust. (+10% HP)


Message History

The spriggan defender is engulfed in poison gas.
The spriggan defender looks even sicker.
The spriggan defender hits you with a +1 vampiric lajatang!
* * * LOW HITPOINT WARNING * * *
The Enchantress is engulfed in freezing vapours.
The Enchantress mumbles some strange words.
You resist with almost no effort.
The spriggan air mage is engulfed in poison gas.
The spriggan air mage is poisoned.
The frost giant is engulfed in blazing flames.
The spriggan rider is engulfed in poison gas.
The spriggan rider looks even sicker.
The spriggan rider hits you from afar with a +0 spear!
* * * LOW HITPOINT WARNING * * *
The spriggan air mage is engulfed in blazing flames.
The spriggan defender is engulfed in poison gas.
The spriggan defender looks as sick as possible!
The spriggan defender completely misses you.
You block the spriggan defender's attack.
The spriggan rider completely misses you.
Unknown command.
Unknown command.
Unknown command.
Unknown command.
Unknown command.
Unknown command.
Unknown command.
Unknown command.
Unknown command.
Unknown command.
You feel better.
The spriggan defender hits you with a +4 demon whip of venom!!
* * * LOW HITPOINT WARNING * * *
The spriggan defender is engulfed in poison gas.
The spriggan defender looks as sick as possible!
You block the spriggan defender's attack.
The spriggan defender is engulfed in poison gas.
The spriggan defender looks as sick as possible!
The spriggan defender hits you with a +7 quick blade of venom!
You die...

#....##.........
#....##.........
........#.......
........#....... ##§.
....#...........
#...###..............
.ii§###..........(..
§§#Cii...............
§i§iW..........).....
§.iii..#.............
§.ii§................
..§§............∩....
.....................
..............#.....
....................
...................
.)........>.......


You could see a frost giant, the Enchantress (repels missiles), 3 spriggan
defenders, 2 spriggan riders, 2 spriggan air magi and 3 spriggans.

Vanquished Creatures
  Mara (Vaults:3)
  Sojobo (Vaults:3)
  Saint Roka (Depths:2)
  Margery (Vaults:4)
  Jory (Vaults:4)
  Norris (Elf:1)
  The ghost of Ciogeq the Sorcerer, an adept DECj of Vehumet (Vaults:3)
  Jorgrun (D:15)
  A hellephant (Vaults:4)
  Rupert (Lair:5)
  A lich (Depths:1)
  4 deep elf blademasters (Elf:3)
  A quicksilver dragon (Depths:2)
  8 sphinxes
  2 deep elf master archers (Elf:3)
  Frances (D:13)
  An ancient champion (Vaults:2)
  A kraken (Shoals:1)
  A shadow dragon (Vaults:1)
  Aizul (Vaults:2)
  Donald (Vaults:4)
  4 tengu reavers
  Ilsuiw (Shoals:4)
  A revenant (Depths:2)
  9 deep elf sorcerers
  5 frost giants
  4 ghost moths
  8 vault wardens
  4 emperor scorpions (Spider:4)
  2 orc warlords
  A curse skull (Depths:1)
  4 deep elf elementalists (Elf:3)
  A spriggan defender (Depths:2)
  A caustic shrike skeleton (Depths:2)
  14 ironbound preservers
  4 broodmothers
  A formless jellyfish (Vaults:4)
  4 ironbound thunderhulks
  6 stone giants
  15 deep elf death magi
  6 vampire knights
  3 deep elf demonologists (Elf:3)
  A war gargoyle (Vaults:3)
  A dire elephant (Vaults:2)
  Azrael (Elf:1)
  2 deep elf annihilators (Vaults:1)
  A minotaur (Gauntlet)
  2 spark wasps
  4 fire dragons
  2 quicksilver dragon zombies
  2 merfolk javelineers (Shoals:4)
  A crystal guardian (Vaults:3)
  5 yaktaur captains
  6 ettins
  12 merfolk impalers
  Josephine (Lair:4)
  2 jiangshi (Depths:2)
  4 deep elf high priests
  4 great orbs of eyes
  An entropy weaver (Vaults:1)
  5 rakshasas
  Harold (Lair:2)
  A peacekeeper (Vaults:3)
  17 vault guards
  2 merfolk avatars
  A death knight (D:15)
  8 hydras
  5 ironbound frosthearts
  2 jorogumos (Spider:1)
  6 centaur warriors
  A radroach (Spider:4)
  6 boulder beetles
  3 catoblepae
  4 two-headed ogres
  13 dancing weapons
  2 alligator snapping turtles
  7 merfolk aquamancers
  A satyr (Shoals:2)
  9 orc high priests
  5 tengu warriors
  23 death yaks
  A shock serpent (shapeshifter) (Vaults:1)
  13 demonic crawlers
  5 deep troll shamans
  A deep troll earth mage (Depths:1)
  11 soul eaters
  A storm dragon zombie (Depths:1)
  10 hell knights
  4 iron trolls
  7 deep elf knights
  Nergalle (D:12)
  6 skeletal warriors
  2 storm dragon skeletons (Depths:2)
  A sixfirhy (D:15)
  12 skysharks
  2 pharaoh ants
  13 sea snakes
  5 glowing orange brains
  7 orb spiders
  3 flayed ghosts (Depths:2)
  6 arcanists
  2 sun moths (Spider:1)
  40 deep trolls
  13 deep elf archers
  A golden dragon skeleton (Depths:2)
  15 ironbound convokers
  7 lindwurms
  30 deep elf pyromancers
  23 deep elf zephyrmancers
  A shadow dragon zombie (Depths:2)
  8 thermic dynamos
  15 orc knights
  15 harpies
  2 phantasmal warriors
  7 steelbarb worms
  An oklob plant (Gauntlet)
  10 necromancers
  29 ugly things
  15 wolf spiders
  15 manticores
  2 stone giant zombies
  2 tengu skeletons
  6 orc sorcerers
  22 fauns
  2 fire giant zombies (Depths:2)
  6 meliai
  A moth of wrath (Spider:3)
  8 cyclopes
  A manticore (shapeshifter) (Elf:2)
  22 elephants
  An iron dragon skeleton (Depths:2)
  2 kobold blastminers (Orc:1)
  An ice statue (IceCv)
  4 black mambas
  A human skeleton (Vaults:3)
  A rust devil (D:15)
  6 water nymphs
  6 merfolk sirens
  9 vault sentinels
  A gargoyle (Bailey)
  2 torpor snails
  3 smoke demons (D:15)
  3 orange demons (D:15)
  A stone giant skeleton (Depths:1)
  A centaur skeleton (D:15)
  13 cane toads
  An unseen horror (D:10)
  11 komodo dragons
  A freezing wraith (D:14)
  A spriggan skeleton (Depths:2)
  7 rime drakes
  23 yaktaurs
  2 kobold demonologists
  4 red devils
  2 tengu conjurers
  5 ice devils
  A queen bee (shapeshifter) (D:15)
  2 hellwings (D:15)
  11 trolls
  29 merfolk
  2 wolf spider simulacra (D:15)
  2 harpy zombies (D:15)
  7 polar bears
  2 tengu simulacra
  A hornet (D:11)
  16 blink frogs
  11 tarantellas
  7 wind drakes
  8 snapping turtles
  8 dream sheep
  A frost giant simulacrum (Vaults:3)
  19 jumping spiders
  19 slime creatures
  A shadow (D:12)
  5 air elementals
  13 culicivoras
  16 water elementals
  A vampire (Bailey)
  3 wyverns
  10 wraiths
  A yak (shapeshifter) (D:15)
  42 yaks
  6 humans
  7 fire elementals
  2 elf zombies (Vaults:3)
  A redback (shapeshifter) (Vaults:1)
  6 neqoxecs
  9 wargs
  8 vampire mosquitoes (D:12)
  34 redbacks
  6 basilisks
  3 steam dragons
  3 acid dragons
  3 chaos spawn
  A small abomination (D:15)
  A glowing shapeshifter zombie (Vaults:3)
  24 water moccasins
  4 hell hounds (Elf:1)
  17 orc warriors
  An ice beast (D:7)
  A glowing shapeshifter skeleton (Vaults:3)
  4 black bears
  2 elephant zombies (D:15)
  5 laughing skulls
  5 ogres
  A sky beast (D:4)
  8 boggarts
  4 centaurs
  38 wolves
  2 phantoms
  4 kobold brigands
  18 bullfrogs
  4 scorpions
  2 earth elementals
  8 wights
  A spriggan zombie (D:15)
  12 killer bees
  8 vampire bats (Bailey)
  10 electric eels
  11 wolf zombies
  7 howler monkeys
  4 centaur zombies (D:15)
  27 orc priests
  3 bombardier beetles
  3 jellies
  5 hounds
  Ijyb (D:5)
  2 gnoll boudas
  4 iguanas
  A sleepcap (D:4)
  17 orc wizards
  Natasha (twice) (D:3)
  A hell rat (Lair:3)
  15 gnolls
  13 adders
  10 river rats (D:6)
  7 shadow imps
  3 white imps
  4 dart slugs
  83 orcs
  7 endoplasms
  4 giant cockroaches
  8 hobgoblins
  10 quokkas
  5 ball pythons
  9 bats
  4 frilled lizards
  13 goblins
  18 kobolds
  18 orc zombies (Bailey)
  22 rats
  8 tentacles (Shoals:1)
1708 creatures vanquished.

Vanquished Creatures (others)
  A vampire knight (Vaults:2)
  A deep elf knight (D:15)
  2 deep elf zephyrmancers (Elf:1)
  A human (D:13)
  An orc wizard (D:6)
  39 spectral weapons
  11 tentacles (Shoals:1)
56 creatures vanquished.

Grand Total: 1764 creatures vanquished

Notes
Turn   | Place    | Note
-------+----------+-------------------------------------------
     0 | D:5      | ragingrage the Kobold Delver began the quest for the Orb.
     0 | D:5      | Reached XP level 1. HP: 14/14 MP: 1/1
   156 | D:4      | Found an iron altar of Okawaru.
   158 | D:4      | Reached XP level 2. HP: 19/19 MP: 2/2
   190 | D:4      | Became a worshipper of Warmaster Okawaru
   201 | D:3      | Noticed Natasha
   205 | D:3      | Killed Natasha
   206 | D:3      | Reached XP level 3. HP: 23/23 MP: 3/3
   215 | D:4      | Reached skill level 5 in Short Blades
   221 | D:4      | Noticed a sky beast
   351 | D:1      | Reached XP level 4. HP: 28/28 MP: 4/4
   977 | D:2      | Found a basalt altar of Yredelemnul.
  1211 | D:1      | Reached XP level 5. HP: 32/32 MP: 5/5
  1508 | D:2      | Found Zaxkepant's Antique Weapon Emporium.
  1912 | D:2      | Found a faded altar of an unknown god.
  2095 | D:3      | Found a glowing silver altar of Zin.
  2253 | D:3      | Noticed Natasha
  2263 | D:3      | Reached skill level 1 in Throwing
  2275 | D:3      | Reached XP level 6. HP: 37/37 MP: 6/6
  2305 | D:3      | Reached * piety under Okawaru
  2316 | D:3      | Killed Natasha
  2393 | D:3      | Found a white marble altar of Elyvilon.
  2553 | D:3      | Found a basalt altar of Yredelemnul.
  2672 | D:3      | Found Nururye's Antique Armour Emporium.
  2739 | D:4      | Killed a sky beast
  2758 | D:4      | Reached XP level 7. HP: 41/41 MP: 7/7
  2845 | D:4      | Gained mutation: Your skin changes colour to match your
                  | surroundings (Stealth+). [potion of mutation]
  2845 | D:4      | Gained mutation: Your flesh is heat resistant. (rF+)
                  | [potion of mutation]
  2845 | D:4      | Gained mutation: You are robust. (+10% HP) [potion of
                  | mutation]
  2845 | D:4      | Gained mutation: Your mind is acute. (Int +4, Str/Dex -1)
                  | [potion of mutation]
  3282 | D:5      | Reached ** piety under Okawaru
  3370 | D:5      | Reached XP level 8. HP: 50/50 MP: 8/8
  3380 | D:5      | Reached skill level 10 in Short Blades
  3389 | D:5      | Found a staircase to the Ecumenical Temple.
  3427 | D:5      | Found a snail-covered altar of Cheibriados.
  3636 | D:5      | Reached skill level 1 in Invocations
  3636 | D:5      | Reached skill level 1 in Evocations
  3710 | D:5      | Noticed Ijyb
  3714 | D:5      | Killed Ijyb
  3928 | D:6      | Found a runed translucent gate.
  3929 | D:6      | Found a runed translucent gate.
  3929 | D:6      | Found an opulent altar of Gozag.
  3930 | D:6      | Found a runed translucent gate.
  4170 | D:6      | Reached *** piety under Okawaru
  4454 | D:6      | Reached XP level 9. HP: 57/57 MP: 11/11
  4511 | D:6      | Reached skill level 1 in Shapeshifting
  4947 | D:6      | Noticed Malificent's ghost (novice MDAr)
  4986 | D:7      | Reached skill level 5 in Fighting
  5025 | D:7      | Reached skill level 5 in Dodging
  5206 | D:7      | Identified the +3 leather armour of the Black Moon {rPois
                  | rF- rN++ Str-4}
  5212 | D:7      | Found a flagged portal.
  5224 | Bailey   | Entered a bailey
  5312 | Bailey   | Noticed a gargoyle
  5316 | Bailey   | Killed a gargoyle
  5316 | Bailey   | Reached **** piety under Okawaru
  5317 | Bailey   | Reached skill level 5 in Evocations
  5402 | Bailey   | Reached XP level 10. HP: 62/64 MP: 13/13
  5476 | Bailey   | Reached skill level 5 in Shapeshifting
  5885 | D:7      | Found Quod's Fire Supplies.
  6006 | D:3      | Bought a steaming cloak for 218 gold pieces
  6006 | D:3      | Identified the +0 cloak "Zinwic" {Regen+ rCorr} (You bought
                  | it in a shop on level 3 of the Dungeon)
  6892 | D:8      | Noticed a two-headed ogre
  6896 | D:8      | Killed a two-headed ogre
  7009 | D:8      | Found an opulent altar of Gozag.
  7055 | D:8      | Found Qelaf's Book Shoppe.
  7740 | D:9      | Reached ***** piety under Okawaru
  7741 | D:9      | Reached skill level 1 in Shields
  7754 | D:9      | Noticed a boulder beetle
  7795 | D:9      | Killed a boulder beetle
  7796 | D:9      | Reached skill level 2 in Shields
  7796 | D:9      | Reached XP level 11. HP: 66/69 MP: 14/14
  7875 | D:9      | Reached skill level 3 in Shields
  8282 | D:9      | Received a gift from Okawaru
  8683 | D:10     | Entered Level 10 of the Dungeon
  8688 | D:10     | Reached skill level 4 in Shields
  8928 | D:11     | Noticed a two-headed ogre
  8933 | D:11     | Killed a two-headed ogre
  8946 | D:11     | Reached skill level 10 in Shapeshifting
  9619 | D:10     | Found a shadowy altar of Dithmenos.
  9817 | D:10     | Received a gift from Okawaru
 10401 | D:11     | Noticed a manticore
 10411 | D:11     | Killed a manticore
 10463 | D:11     | Found a staircase to the Lair.
 10463 | D:11     | Noticed a two-headed ogre
 10465 | D:11     | Reached XP level 12. HP: 77/77 MP: 15/15
 10479 | D:11     | Killed a two-headed ogre
 10511 | D:11     | Reached skill level 5 in Throwing
 10511 | D:11     | Reached skill level 5 in Shields
 10522 | D:11     | Received a gift from Okawaru
 11133 | D:12     | Noticed a two-headed ogre
 11136 | D:12     | Killed a two-headed ogre
 11204 | D:12     | Found a staircase to the Orcish Mines.
 11480 | D:12     | Found a white marble altar of Elyvilon.
 11495 | D:12     | Reached ****** piety under Okawaru
 11513 | D:12     | Acquired the +1 helmet of Plog {Int+3 Slay+5}
 11513 | D:12     | Received a gift from Okawaru
 11577 | D:12     | Identified the +6 sling "Hetull" {flame, rElec}
 11624 | D:12     | Noticed Nergalle
 11638 | D:12     | Killed Nergalle
 11638 | D:12     | Received a gift from Okawaru
 11793 | D:13     | Reached skill level 10 in Dodging
 11967 | D:13     | Noticed Frances
 11997 | D:13     | Killed Frances
 11997 | D:13     | Received a gift from Okawaru
 11998 | D:13     | Reached XP level 13. HP: 86/86 MP: 16/16
 12022 | D:13     | Noticed a catoblepas
 12036 | D:13     | Killed a catoblepas
 12062 | D:13     | Noticed a vault guard
 12062 | D:13     | Noticed a vault guard
 12063 | D:13     | Noticed a vault guard
 12063 | D:13     | Noticed a vault guard
 12133 | D:12     | Killed a vault guard
 12157 | Lair:1   | Entered Level 1 of the Lair of Beasts
 12863 | Lair:2   | Noticed Harold
 12882 | Lair:2   | Killed Harold
 12942 | Lair:2   | Reached skill level 10 in Fighting
 12953 | Lair:2   | Received a gift from Okawaru
 13070 | Lair:2   | Found a gate leading to a gauntlet.
 13121 | Lair:2   | Acquired a +1 quick blade of venom
 13121 | Lair:2   | Received a gift from Okawaru
 13136 | Gauntlet | Entered a Gauntlet
 13147 | Gauntlet | Found a transporter.
 13147 | Gauntlet | Found a transporter.
 13164 | Gauntlet | Found a transporter.
 13200 | Gauntlet | Found a transporter.
 13214 | Gauntlet | Found a transporter.
 13240 | Gauntlet | Found a transporter.
 13265 | Gauntlet | Found a transporter.
 13279 | Gauntlet | Found a transporter.
 13304 | Gauntlet | Found a transporter.
 13314 | Gauntlet | Found a transporter.
 13318 | Gauntlet | Found a transporter.
 13373 | Gauntlet | Found a transporter.
 13607 | Gauntlet | Received a gift from Okawaru
 13756 | Gauntlet | Identified the +8 long sword "Loitub" {spect, *Rage rElec
                  | rN++ Int-4}
 13756 | Gauntlet | Noticed a minotaur
 13762 | Gauntlet | Killed a minotaur
 13915 | Lair:2   | Found a staircase to the Shoals.
 13923 | Lair:2   | Reached XP level 14. HP: 96/96 MP: 17/17
 13975 | Lair:2   | Identified the ring of Ujourchim {rC+ Will++ EV+5 Str+5}
 14198 | Lair:2   | Reached skill level 5 in Invocations
 14660 | Lair:3   | Received a gift from Okawaru
 14741 | Lair:3   | Found a shimmering altar of Xom.
 14836 | Lair:3   | Found a hole to the Spider Nest.
 15733 | Lair:3   | Received a gift from Okawaru
 15734 | Lair:3   | Reached skill level 6 in Shields
 15765 | Lair:3   | Reached skill level 10 in Stealth
 16481 | Lair:4   | Received a gift from Okawaru
 16556 | Lair:4   | Noticed Josephine
 16560 | Lair:4   | Killed Josephine
 16614 | Lair:4   | Reached XP level 15. HP: 104/104 MP: 20/20
 17263 | Lair:5   | Entered Level 5 of the Lair of Beasts
 17269 | Lair:5   | Received a gift from Okawaru
 17341 | Lair:5   | Found a viscous altar of Jiyva.
 17342 | Lair:5   | Found a staircase to the Slime Pits.
 17400 | Lair:5   | Received a gift from Okawaru
 17401 | Lair:5   | Reached skill level 7 in Shields
 17759 | Lair:5   | Received a gift from Okawaru
 18132 | Lair:5   | Found the +8 whip "Snakebite" {venom, curare, rPois}
 18388 | Lair:5   | Noticed Rupert
 18391 | Lair:5   | Found an opulent altar of Gozag.
 18392 | Lair:5   | Killed Rupert
 18392 | Lair:5   | Received a gift from Okawaru
 18393 | Lair:5   | Reached skill level 10 in Invocations
 18393 | Lair:5   | Reached XP level 16. HP: 111/111 MP: 23/23
 18737 | D:13     | Found a portal to a secret trove of treasure.
 18944 | D:13     | Found a gate to the Vaults.
 19388 | D:14     | Found Tappoewi's Jewellery Shop.
 19560 | D:15     | Entered Level 15 of the Dungeon
 19563 | D:15     | Received a gift from Okawaru
 19580 | D:15     | HP: 1/111 [skeletal warrior/+0 flail (21)]
 19823 | D:15     | Reached skill level 10 in Evocations
 19892 | D:15     | Received a gift from Okawaru
 20084 | D:15     | Found a basalt altar of Yredelemnul.
 20275 | D:15     | Found a staircase to the Depths.
 20282 | D:15     | Reached skill level 15 in Dodging
 20354 | D:15     | Noticed Jorgrun
 20361 | D:15     | Killed Jorgrun
 20553 | D:15     | Received a gift from Okawaru
 20558 | D:15     | Reached XP level 17. HP: 115/116 MP: 25/25
 21056 | Orc:1    | Entered Level 1 of the Orcish Mines
 21234 | Orc:2    | Entered Level 2 of the Orcish Mines
 21244 | Orc:2    | Found a staircase to the Elven Halls.
 21371 | Orc:2    | Found a roughly hewn altar of Beogh.
 21537 | Orc:2    | Found a frozen archway.
 21545 | IceCv    | Entered an ice cave
 21600 | IceCv    | Received a gift from Okawaru
 22262 | Orc:2    | Found Qaophito's Jewellery Shoppe.
 22336 | Orc:2    | Found a roughly hewn altar of Beogh.
 22360 | Orc:2    | Received a gift from Okawaru
 22394 | Orc:2    | Found Putawk's Magic Scroll Emporium.
 22424 | Orc:2    | Found Pyoblas's Jewellery Emporium.
 22565 | Orc:2    | Found Well's Armour Shoppe.
 22800 | Orc:1    | Found a roughly hewn altar of Beogh.
 23031 | Shoals:1 | Entered Level 1 of the Shoals
 23233 | Shoals:1 | Received a gift from Okawaru
 23615 | Shoals:1 | Reached XP level 18. HP: 114/124 MP: 26/26
 23747 | Shoals:1 | Noticed a kraken
 23860 | Shoals:1 | Killed a kraken
 24078 | Shoals:2 | Found Vabempul's Book Shoppe.
 24150 | Shoals:2 | Received a gift from Okawaru
 24228 | Shoals:2 | Found Quumun's Gadget Gallery.
 24233 | Shoals:2 | Bought a lightning rod (4/4) for 680 gold pieces
 24374 | Shoals:2 | Found Fiwnam's Visitors' Centre.
 24424 | Shoals:2 | Identified the +13 chain mail of the Swamp {Fly rF+++
                  | Will-}
 24842 | Shoals:3 | Found Ruod's Jewellery Boutique.
 25145 | Shoals:3 | Received a gift from Okawaru
 25673 | Shoals:4 | Entered Level 4 of the Shoals
 25828 | Shoals:4 | Noticed Ilsuiw
 25839 | Shoals:4 | Killed Ilsuiw
 25920 | Shoals:4 | Received a gift from Okawaru
 26412 | Shoals:4 | Reached skill level 10 in Throwing
 26474 | Shoals:4 | Got a barnacled rune of Zot
 26560 | Shoals:4 | Received a gift from Okawaru
 26563 | Shoals:4 | Reached XP level 19. HP: 135/135 MP: 27/27
 26565 | Shoals:4 | Reached skill level 15 in Fighting
 26713 | Shoals:2 | Bought a manual of Shields for 1360 gold pieces
 26821 | Shoals:3 | Bought a ring of flight for 245 gold pieces
 26872 | Shoals:2 | Found Fiwnam's Merfolk Armours.
 26877 | Shoals:2 | Found Fiwnam's Merfolk Weapons.
 26882 | Shoals:2 | Found Fiwnam's Merfolk Magic.
 26978 | Shoals:2 | Found Numecirch's Book Boutique.
 27061 | Shoals:2 | Found Voro Ygu's Jewellery Emporium.
 27174 | Shoals:2 | Found Dourph's Weapon Boutique.
 27268 | Shoals:2 | Bought the ring of Jooboduh {*Slow Fly rElec rPois rN+} for
                  | 377 gold pieces
 27407 | Spider:1 | Entered Level 1 of the Spider Nest
 27561 | Spider:1 | Reached skill level 15 in Stealth
 27561 | Spider:1 | Reached skill level 8 in Shields
 27669 | Spider:1 | Received a gift from Okawaru
 28060 | Spider:2 | Reached skill level 9 in Shields
 28694 | Spider:3 | Received a gift from Okawaru
 28776 | Spider:3 | Reached skill level 10 in Shields
 29319 | Spider:4 | Entered Level 4 of the Spider Nest
 29356 | Spider:4 | Received a gift from Okawaru
 29425 | Spider:4 | Reached skill level 11 in Shields
 29687 | Spider:4 | Reached XP level 20. HP: 113/141 MP: 28/28
 29723 | Spider:4 | Received a gift from Okawaru
 29724 | Spider:4 | Reached skill level 12 in Shields
 29777 | Spider:4 | Got a gossamer rune of Zot
 29823 | Spider:4 | Got a milky-white gem with 113 turns to spare
 30079 | Elf:1    | Entered Level 1 of the Elven Halls
 30119 | Elf:1    | Found a radiant altar of Vehumet.
 30135 | Elf:1    | Reached skill level 13 in Shields
 30156 | Elf:1    | Paralysed by an air elemental for 1 turns
 30308 | Elf:1    | Noticed Norris
 30321 | Elf:1    | Killed Norris
 30324 | Elf:1    | Received a gift from Okawaru
 30810 | Elf:1    | Identified the +11 rapier "Onireb" {antimagic, rN++ Str+8
                  | Dex-2}
 30816 | Elf:1    | Noticed Azrael
 30822 | Elf:1    | Killed Azrael
 30825 | Elf:1    | Reached skill level 14 in Shields
 31212 | Elf:2    | Found a runed translucent gate.
 31213 | Elf:2    | Found a runed translucent gate.
 31213 | Elf:2    | Found a runed translucent gate.
 31304 | Elf:2    | Received a gift from Okawaru
 31426 | Elf:2    | Found Eceenap's General Store.
 31434 | Elf:2    | Reached skill level 15 in Shields
 31435 | Elf:2    | Bought the +2 pair of boots of Ruogaolo {Regen+ Str+3} for
                  | 583 gold pieces
 31663 | Elf:3    | Entered Level 3 of the Elven Halls
 31824 | Elf:3    | Found a shimmering blue altar of Sif Muna.
 32002 | Elf:3    | Received a gift from Okawaru
 32003 | Elf:3    | Reached XP level 21. HP: 89/147 MP: 29/29
 32453 | Elf:3    | Found Fiymm's Assorted Antiques.
 32807 | Elf:3    | Identified the +6 rapier "Pendulum" {flame, rElec Int-5
                  | SInv}
 32820 | Elf:3    | Reached skill level 16 in Shields
 33014 | Elf:3    | Received a gift from Okawaru
 33174 | Elf:3    | Identified the +5 halberd "Ultimatum" {holy, rElec Int+5
                  | Dex+4 Stlth-}
 33229 | Elf:3    | Identified the +9 morningstar of Uskayaw's Inspiration
                  | {venom, rPois Str-5 Int+4 Dex+5}
 33359 | Elf:3    | Identified the staff "Iforaamy" {rF+ MP+9 Fire}
 33410 | Elf:3    | Identified the +0 pair of boots of the Nightingale {rElec
                  | rF++ Regen+ Str-3}
 33457 | Elf:3    | Identified the staff of Eternal Vigilance {*Slow rF+ MP+9
                  | Int-2 Fire Alchemy}
 33459 | Elf:3    | Identified the +0 ice dragon scales of Foolhardiness {rF-
                  | rC++ Str+2}
 33463 | Elf:3    | Identified the +5 scale mail of the Majestic Kraken
                  | {^Contam rC+++ Will+ Int-5}
 34035 | Vaults:1 | Entered Level 1 of the Vaults
 34081 | Vaults:1 | Received a gift from Okawaru
 34277 | Vaults:1 | Reached skill level 15 in Shapeshifting
 34345 | Vaults:1 | Reached skill level 17 in Shields
 34378 | Vaults:1 | Received a gift from Okawaru
 34404 | Vaults:1 | Identified a scroll of acquirement
 34432 | Vaults:1 | Acquired 1014 gold pieces
 34435 | Vaults:1 | Identified the +5 scale mail of Suonk {-Tele rC++ Regen+
                  | Str+2}
 34460 | Vaults:1 | Reached XP level 22. HP: 154/154 MP: 30/30
 34585 | Vaults:1 | Identified the +7 longbow of the Bespelling Genius {flame,
                  | rF+}
 34743 | Vaults:1 | Received a gift from Okawaru
 34748 | Vaults:1 | Reached skill level 18 in Shields
 35620 | Vaults:2 | Received a gift from Okawaru
 35650 | Vaults:2 | Identified the serpent talisman of Woek {rC+ Will+ Str+2}
 35650 | Vaults:2 | Noticed Aizul
 35654 | Vaults:2 | Killed Aizul
 36133 | Vaults:2 | Found a runed translucent gate.
 36133 | Vaults:2 | Found a runed translucent gate.
 36133 | Vaults:2 | Found a runed translucent gate.
 36135 | Vaults:2 | Noticed GNSpeed's ghost (adept MiBe)
 36135 | Vaults:2 | Identified the +6 plate armour "Bireh" {rElec Str+2}
 36215 | Vaults:2 | Found a staircase to the Crypt.
 36240 | Vaults:2 | Identified the +0 plate armour of Ashraytt {Harm}
 36278 | Vaults:2 | Reached skill level 1 in Necromancy
 37474 | Vaults:3 | Received a gift from Okawaru
 37518 | Vaults:3 | Found a large runed translucent door.
 37518 | Vaults:3 | Found a large runed translucent door.
 37716 | Vaults:3 | Reached XP level 23. HP: 160/160 MP: 31/31
 37859 | Vaults:3 | Noticed Mara
 37868 | Vaults:3 | Killed Mara
 38105 | Vaults:3 | Noticed Ciogeq's ghost (adept DECj)
 38121 | Vaults:3 | Killed Ciogeq's ghost
 38206 | Vaults:4 | Noticed Sojobo
 38206 | Vaults:4 | Noticed Margery
 38265 | Vaults:4 | Noticed Jory
 38269 | Vaults:4 | Killed Jory
 38480 | Vaults:4 | Identified the +10 shortbow of Pride {elec, Str+5}
 38496 | Vaults:4 | Noticed Donald
 38504 | Vaults:4 | Killed Donald
 38504 | Vaults:4 | Received a gift from Okawaru
 39025 | Vaults:4 | Found Jirul's Antique Weapon Boutique.
 39153 | Vaults:3 | Killed Sojobo
 39189 | Vaults:4 | Received a gift from Okawaru
 39297 | Vaults:4 | Killed Margery
 39544 | Shoals:2 | Bought a book of Dreams for 336 gold pieces
 39548 | Shoals:2 | Learned a level 3 spell: Fugue of the Fallen
 39594 | Shoals:2 | Bought a phial of floods for 640 gold pieces
 39594 | Shoals:2 | Bought a condenser vane for 640 gold pieces
 39861 | Depths:1 | Entered Level 1 of the Depths
 40034 | Depths:1 | Reached skill level 5 in Necromancy
 40149 | Depths:1 | Reached skill level 19 in Shields
 40165 | Depths:1 | Found a runed door.
 40274 | Depths:1 | Found an iron altar of Okawaru.
 40332 | Depths:1 | Received a gift from Okawaru
 40358 | Depths:1 | Found a stormy altar of Qazlal.
 40447 | Depths:1 | Reached XP level 24. HP: 135/167 MP: 31/31
 40578 | Depths:1 | Found a gateway to Hell.
 40749 | Depths:1 | Found a one-way gate leading to the halls of Pandemonium.
 40889 | Depths:2 | Noticed Saint Roka
 41009 | Depths:2 | Killed Saint Roka
 41134 | Depths:2 | Found Tohiuk's Superior Scales.
 41281 | Depths:2 | Received a gift from Okawaru
 41470 | Depths:2 | Noticed the Enchantress
 41476 | Depths:2 | HP: 7/172 [spriggan defender/+4 demon whip of venom[the
                  | Enchantress] (25)]
 41476 | Depths:2 | Mangled by a spriggan defender

Illustrated notes

Levels and vault maps discovered:
D:1:      ebering_hopf_link, layout_basic
D:2:      layout_basic, serial_shops, shop, basic_altar,
          hellmonk_ecumenical_altar_leap_of_faith
D:3:      layout_rooms, mainiacjoe_overflow_paths, mainiacjoe_overflow_swirl,
          serial_shops, nicolae_lakefront_shop, nicolae_half_adder, uniq_natasha
D:4:      layout_rooms, nicolae_overflow_crystal_walls, amethyst_killhole,
          minmay_quadrilaterals
D:5:      layout_loops_ring, cheibriados_altar_1,
          minmay_temple_entry_drinking_statues, uniq_ijyb
D:6:      lemuel_ratsnest, layout_basic, ebering_ghost_gozag
D:7:      layout_basic, enter_bailey_5, nicolae_shop_fire_sale
          [nicolae_sub_dead_trees]
D:8:      layout_loops_ring, lemuel_tele_altar, serial_shops,
          nicolae_shop_crystal, serial_library_hellmonk_angled_corner
D:9:      layout_long_grid
D:10:     layout_stronghold, nicolae_dithmenos_shadow_blocks,
          minmay_misc_feat_chi
D:11:     layout_rooms, due_lair_maze_entry_diamond, item_on_display_a
D:12:     layout_loops_cross, orc_0_dummy, nicolae_elyvilon_temple_path,
          uniq_nergalle
D:13:     layout_cave_pools, ximxim_vaults_locker_room, enter_trove_5,
          lemuel_nasty_fountain, uniq_frances
D:14:     layout_basic, minmay_fountain_box, serial_shops, shop
D:15:     grunt_enter_depths_magical_seal, layout_stronghold, serial_demonic,
          serial_demonic_f, serial_demonic_g, serial_demonic_d,
          serial_demonic_f, serial_demonic_a, serial_demonic_b,
          serial_demonic_e, hangedman_decor_lopped, corexii_checkpoint,
          roadster_capsule_ark_zombie, uniq_jorgrun
Lair:1:   layout_concentric_octagons, grunt_megastairs_2, serial_bayou_shore_b,
          serial_bayou_shore_a
Lair:2:   layout_roguey, minmay_shoals_entry_beasts, gauntlet_entry_generic,
          grunt_megastairs_3, infiniplex_staircase_pool, uniq_harold
Lair:3:   nzn_winding_woodlands_three_and_one
          [nzn_winding_woodlands_5x15_zeroes,
          nzn_winding_woodlands_5x15_sidewinder,
          nzn_winding_woodlands_5x15_cabin,
          nzn_winding_woodlands_center_pierced_h], layout_layer_cave,
          nicolae_spider_entry_orb_guardian, basic_altar
Lair:4:   layout_loops_ring, serial_bayou, serial_bayou_shore_b,
          serial_bayou_lagoon_a, serial_bayou_ford_a, serial_bayou_lake_a,
          serial_bayou_pond_b, uniq_josephine
Lair:5:   grunt_lair_end_beastmaster, layout_cave_pods, slime_entry_1,
          basic_altar, uniq_rupert
Shoals:1: layout_shoals, nicolae_shoals_land_atoll
Shoals:2: nicolae_shoals_mermall, layout_shoals, serial_shops, shop, shop,
          nicolae_shop_temple_entry_statues_fountains,
          nicolae_shop_back_alley_shop, nicolae_shop_gadgets
Shoals:3: layout_shoals, serial_shops, nicolae_shop_rolling_square,
          nicolae_shoals_drake_roost
Shoals:4: shoals_end_hangedman, layout_shoals, shoal_ilsuiw
Spider:1: nicolae_spider_hilbert_zone_5 [nicolae_spider_hilbert_3_sides_1_open,
          nicolae_spider_hilbert_4_sides_1_open,
          nicolae_spider_hilbert_4_sides_1_open,
          nicolae_spider_hilbert_6_sides_1_open,
          nicolae_spider_hilbert_6_sides_1_open]
Spider:2: layout_spider_delve
Spider:3: layout_spider_delve, nicolae_crawler_farm
Spider:4: guppyfry_spider_rune, guppyfry_spider_mini_2
Orc:1:    layout_caves, basic_altar
Orc:2:    st_orc_town, layout_diamond_mine, portal_ice_cave_demonic_guard,
          basic_altar
Elf:1:    eino_elf_arrival_altar, layout_geoelf_diagonals,
          hangedman_elf_disciples, dk_noncrumbling_4, uniq_norris, uniq_azrael
Elf:2:    nicolae_elf_blades_crystal_corner, layout_geoelf_octagon,
          serial_shops, shop, uniq_agnes, uniq_zenata
Elf:3:    minmay_elf_hall_circle, layout_geoelf_castle, basic_altar,
          serial_shops, nicolae_shop_real_fake_doors, drop_trap
Vaults:1: nicolae_vaults_specimen_jars, nicolae_vaults_wrenched,
          hangedman_vaults_nodes, nicolae_vaults_network_star,
          nicolae_vaults_closet_pinwheel_6, nicolae_vaults_network_s,
          nicolae_vaults_storage_room_doors, st_greater_box_3,
          nicolae_vaults_double_plus_1, layout_vaults_omnibox
Vaults:2: gammafunk_ghost_tricky_traps, nicolae_vaults_enemy_cabinets,
          nicolae_vaults_offset_grid_hallway_2, nicolae_vaults_spaceships,
          minmay_crypt_entry_simple_statues, hangedman_vaults_cutoff,
          vaults_mumra_hex, v_misc_3, v_rooms_3, nicolae_vaults_angled_halls,
          nicolae_vaults_windows_and_doors_thing,
          nicolae_vaults_little_squares_4, nicolae_vaults_diagonal_hallway_7,
          nicolae_vaults_diamond_1, layout_vaults_omnicross, uniq_aizul
Vaults:3: ebering_ghost_disaster_area, v_misc_23, ontoclasm_vaults_pinch,
          nicolae_vaults_apartment_1, nicolae_vaults_three_branches,
          vaults_room_door_ring, vaults_dpeg_emergency_exit, vaults_room_pool,
          layout_vaults_big_room, uniq_mara
Vaults:4: hangedman_vaults_corner, nicolae_vaults_little_ls,
          ontoclasm_vaults_ring_small, nicolae_vaults_shipping_containers_5,
          v_misc_13, vaults_dpeg_ring, v_rooms_4, v_misc_1, vaults_room_grid,
          grunt_vaults_diagonal, nicolae_vaults_trapezoid_layered,
          layout_vaults_maze_bifur, serial_shops, shop, uniq_sojobo, uniq_jory,
          uniq_margery, uniq_donald
Depths:1: evilmike_wizard_prison, layout_cave_pools, grunt_metal_band,
          okawaru_ov_weapons_minmay, rand_demon_pan_entry_9,
          nicolae_qazlal_scattered_showers
Depths:2: hangedman_screamer, layout_cave_shapes, pan_entry, kennysheep_path_1,
          hell_entry, abyss_entry, hellmonk_scale_shop, uniq_enchantress,
          uniq_saint_roka

Skill      XL: |  1  2  3  4  5  6  7  8  9 10 11 12 13 14 15 16 17 18 19 20 21 22 23 24 |
---------------+-------------------------------------------------------------------------+-----
Short Blades   | 3 4 5 6 7 8 9 10 11 14 | 14.0
Throwing       | 1 3 4 6 7 10 11 12 | 12.0
Invocations    | 3 4 6 10 11 | 11.0
Evocations     | 3 5 7 8 10 11 | 11.7
Dodging        | 4 6 7 8 10 12 15 17 | 17.9
Fighting       | 4 5 6 8 10 11 12 14 15 17 | 17.7
Shapeshifting  | 4 8 10 12 14 15 | 15.0
Shields        | 2 4 5 6 7 11 15 17 18 19 | 19.3
Stealth        | 8 10 12 13 14 17 18 | 18.0
Necromancy     | 3 7 |  7.0
Armour         | |  0.1

Action                     |  1- 3 |  4- 6 |  7- 9 | 10-12 | 13-15 | 16-18 | 19-21 | 22-24 || total
---------------------------+-------+-------+-------+-------+-------+-------+-------+-------++-------
  Melee: Short sword       |    24 |   140 |       |       |       |       |       |       ||   164
         Dagger            |       |    65 |   369 |   950 |   197 |       |       |       ||  1581
         Maw               |       |       |       |   208 |   475 |   628 |   535 |   808 ||  2654
         Quick blade       |       |       |       |       |   731 |  1526 |  1262 |  1576 ||  5095
  Throw: Dart              |       |     3 |       |     4 |     9 |       |       |       ||    16
         Throwing net      |       |       |       |       |     2 |       |       |       ||     2
 Invoke: Heroism           |       |       |       |     2 |       |     1 |       |       ||     3
         Receive Armour    |       |       |       |     1 |       |       |       |       ||     1
         Receive Weapon    |       |       |       |       |     1 |       |       |       ||     1
         Finesse           |       |       |       |       |       |       |     1 |     2 ||     3
  Evoke: Wand              |       |       |       |     7 |     3 |     6 |       |     3 ||    19
         Lightning rod     |       |       |       |       |       |     4 |       |     3 ||     7
         Condenser vane    |       |       |       |       |       |       |       |     1 ||     1
    Use: Scroll            |       |     1 |       |    10 |    19 |     6 |     8 |     1 ||    45
         Potion            |       |       |     2 |       |     2 |     1 |     1 |     2 ||     8
   Stab: Sleeping          |     6 |    24 |    37 |    25 |    44 |   104 |   130 |    48 ||   418
         Distracted        |     1 |     1 |       |     4 |    27 |    41 |    55 |    72 ||   201
         Held in net/web   |       |       |       |       |     4 |       |       |       ||     4
 Armour: Ring mail         |     9 |    70 |   133 |   179 |       |       |       |       ||   391
         Skin              |       |       |       |   110 |   120 |   191 |   157 |   196 ||   774
  Dodge: Dodged            |     5 |    88 |   168 |   558 |   337 |   674 |   389 |   515 ||  2734
  Block: Buckler           |       |       |       |   184 |   109 |   195 |   157 |   155 ||   800
         Kite shield       |       |       |       |       |       |       |       |   177 ||   177
         Reflection        |       |       |       |       |       |       |       |     6 ||     6
   Form: Maw               |       |       |       |     1 |       |     1 |       |       ||     2
                           |       |       |       |       |       |     1 |       |       ||     1

Table legend: (Time is in decaauts)
 A = Elapsed time spent in this place.
 B = Non-inter-level travel time spent in this place.
 C = Inter-level travel time spent in this place.
 D = Time resting spent in this place.
 E = Time spent auto-exploring this place.
 F = Levels seen in this place.
 G = Mean time per level.
                   A        B        C        D        E       F      G
               +--------+--------+--------+--------+--------+-----+--------+
         Total |  40056 |  36025 |   4031 |   1592 |  25901 |  42 |  953.7 |
       Dungeon |  13609 |  12107 |   1502 |    284 |   9035 |  15 |  907.3 |
          Lair |   6236 |   5469 |    767 |    153 |   4333 |   5 | 1247.2 |
        Shoals |   4695 |   4123 |    572 |    147 |   3063 |   4 | 1173.8 |
   Spider Nest |   2388 |   2132 |    256 |    127 |   1505 |   4 |  597.0 |
  Orcish Mines |   1292 |   1152 |    140 |      6 |    682 |   2 |  646.0 |
   Elven Halls |   3730 |   3222 |    508 |    517 |   1933 |   3 | 1243.3 |
        Vaults |   5045 |   4844 |    201 |    171 |   3764 |   4 | 1261.2 |
        Depths |   1434 |   1351 |     83 |     29 |    829 |   2 |  717.0 |
        Bailey |    463 |    463 |      0 |     43 |    184 |   1 |  463.0 |
      Ice Cave |    515 |    515 |      0 |      0 |    391 |   1 |  515.0 |
      Gauntlet |    646 |    646 |      0 |    115 |    181 |   1 |  646.0 |
               +--------+--------+--------+--------+--------+-----+--------+

Top non-repeatable levels by time:
   Elf:3: 2043 daAuts
  Lair:3: 1656 daAuts
Vaults:2: 1482 daAuts
  Lair:2: 1340 daAuts
Vaults:3: 1331 daAuts
    D:15: 1286 daAuts
Vaults:1: 1259 daAuts
    D:10: 1255 daAuts
  Lair:5: 1238 daAuts
Shoals:2: 1238 daAuts
Shoals:1: 1226 daAuts
     D:9: 1172 daAuts
     D:6: 1165 daAuts
  Lair:4: 1156 daAuts
     D:2: 1140 daAuts
